 Dungeon Crawl Stone Soup version 0.20.1-1-g8b1a95d (webtiles) character file.

2123 esteth the Destroyer (level 9, -6/45 HPs)
             Began as a Deep Elf Conjurer on Oct 18, 2017.
             Was a Believer of Vehumet.
             Killed by an exploding fulminant prism (30 damage)
             ... created by the player character
             ... on level 8 of the Dungeon.
             The game lasted 00:31:57 (8360 turns).

esteth the Destroyer (Deep Elf Conjurer)            Turns: 8360, Time: 00:31:58

Health: -6/45      AC:  4    Str:  5    XL:     9   Next: 8%
Magic:  2/23       EV: 13    Int: 24    God:    Vehumet [**....]
Gold:   362        SH:  0    Dex: 15    Spells: 15/24 levels left

rFire    + . .     SeeInvis .   l - staff of fire
rCold    . . .     Gourm    .   (no shield)
rNeg     . . .     Faith    .   a - +0 robe
rPois    .         Spirit   .   (no helmet)
rElec    .         Reflect  .   x - +0 cloak
rCorr    .         Harm     .   C - +0 pair of gloves
MR       .....                  (no boots)
Stlth    ++........             g - amulet of regeneration
Regen    0.6/turn               r - +6 ring of slaying
MPRegen  0.2/turn               d - ring of stealth

@: very slow
A: no striking features
a: Renounce Religion


You were on level 8 of the Dungeon.
You worshipped Vehumet.
Vehumet was pleased with you.
You were not hungry.

You visited 2 branches of the dungeon, and saw 9 of its levels.

You collected 362 gold pieces.

Inventory:

Hand Weapons
 n - a +1 mace
Armour
 a - a +0 robe (worn)
 x - a +0 cloak (worn)
 C - a +0 pair of gloves (worn)
Magical Staves
 l - an uncursed staff of fire (weapon)
 u - an uncursed staff of death
Jewellery
 d - a ring of stealth (right hand)
 g - an amulet of regeneration (around neck)
 r - a +6 ring of slaying (left hand)
 s - an uncursed ring of poison resistance
 J - a +4 ring of strength {unknown}
Wands
 k - a wand of clouds (5/9)
 w - a wand of disintegration (10/24)
 H - a wand of acid (9/15)
 I - a wand of lightning (6/15)
Scrolls
 e - a scroll of blinking
 h - 2 scrolls of magic mapping
 j - a scroll of fear
 t - 7 scrolls of identify
 v - a scroll of noise {unknown}
 y - 2 scrolls of remove curse
Potions
 f - 3 potions of flight
 i - a potion of berserk rage {unknown}
 m - a potion of ambrosia {unknown}
 o - a potion of magic {unknown}
 q - a potion of might
 z - 3 potions of lignification {unknown}
 A - 2 potions of degeneration {unknown}
 B - a potion of invisibility {unknown}
 D - a potion of cancellation {unknown}
 E - a potion of brilliance {unknown}
Books
 b - a book of Conjurations

   Spells                             Type                      Level
   a - Magic Dart                     Conjuration                  1
   b - Searing Ray                    Conjuration                  2
   c - Dazzling Spray                 Conjuration/Hexes            3
   d - Fulminant Prism                Conjuration/Hexes            4
   e - Force Lance                    Conjuration/Translocation    4
   f - Iskenderun's Mystic Blast      Conjuration                  4
Comestibles
 c - 4 bread rations
 p - 3 meat rations
 F - 3 fruits


   Skills:
 - Level 2.4 Dodging
 - Level 2.4 Stealth
 - Level 8.4 Spellcasting
 + Level 10.4 Conjurations
 - Level 7.2 Hexes


You had 15 spell levels left.
You knew the following spells:

 Your Spells              Type           Power        Failure   Level  Hunger
a - Magic Dart            Conj           ####         1%          1    None
b - Fulminant Prism       Conj/Hex       ######....   1%          4    ##.....
c - Iskenderun's Mystic   Conj           ######..     1%          4    ##.....


Dungeon Overview and Level Annotations

Branches:
Dungeon (8/15)             Temple (1/1) D:4
   Lair: D:8-11

Altars:
Ashenzari
Cheibriados
Dithmenos
Elyvilon
Fedhas
Gozag
Hepliaklqana
Kikubaaqudgha
Makhleb
Nemelex Xobeh
Okawaru
Ru
Trog
Uskayaw
Vehumet
Xom
Yredelemnul
Zin
The Shining One

Annotations:
D:7 Bazinga's ghost, novice MiBe


Message History

Confirm with . or Enter, or press ? or * to list all spells.
Aiming: Iskenderun's Mystic Blast
Press: ? - help, Shift-Dir - straight line, f - hippogriff
Aim: a hippogriff (lightly wounded)
The orb of energy hits the hippogriff.
The hippogriff is moderately wounded.
The orb of energy explodes!
The mystic blast hits the plant.
The plant is heavily damaged.
The mystic blast hits the plant.
The plant is lightly damaged.
The mystic blast hits the plant.
The plant is lightly damaged.
You hear an explosion!
The blast of energy engulfs the plant.
The plant is heavily damaged.
The blast of energy engulfs the plant.
The plant is heavily damaged.
The blast of energy engulfs you!
Ouch! That really hurt!
You die...

## .. .# ##.###
##≈PPP#..#
#PP≈*≈≈... ##≈H♣
≈P ##PP@♣ ≈P##.
#..≈♣♣ ≈?..
#P≈P♣♣ ≈P# ###
#..≈P♣♣♣♣P# ..#
##.P≈PP♣≈P# #.#
##P≈≈≈P≈.# #.#
##≈.P≈P######.###
####.##........#
#....#.##...#


You could see a hippogriff.

Vanquished Creatures
  Pikel (D:6)
  The ghost of Monsterracer the Chopper, a novice DDFi (D:6)
  Menkaure (D:4)
  A slave (D:6)
  An ice beast (D:5)
  3 ogres
  A centaur (D:5)
  A bullfrog (D:6)
  2 scorpions (D:8)
  An electric eel (D:8)
  A hound (D:8)
  3 crimson imps
  A jelly (D:5)
  2 orc priests
  4 orc wizards
  3 iguanas
  3 worker ants
  A hound skeleton (D:7)
  A howler monkey zombie (D:7)
  4 worker ant zombies
  4 gnolls
  A howler monkey skeleton (D:7)
  4 adders
  2 worms
  2 dart slugs
  7 leopard geckos
  26 orcs
  3 giant cockroaches
  7 goblins
  12 hobgoblins
  7 jackals
  6 quokkas
  6 bats
  2 frilled lizards
  A jackal skeleton (D:5)
  A jackal zombie (D:5)
  12 kobolds
  9 rats
148 creatures vanquished.

Vanquished Creatures (others)
  2 slaves (D:6)
  An adder (D:6)
  35 fulminant prisms
  6 plants (D:8)
44 creatures vanquished.

Grand Total: 192 creatures vanquished

Notes
Turn   | Place    | Note
-------+----------+-------------------------------------------
     0 | D:1      | esteth the Deep Elf Conjurer began the quest for the Orb.
     0 | D:1      | Reached XP level 1. HP: 10/10 MP: 6/6
   165 | D:1      | Reached XP level 2. HP: 15/15 MP: 4/8
   305 | D:1      | Reached skill level 5 in Conjurations
   986 | D:2      | Reached XP level 3. HP: 19/19 MP: 7/9
  1402 | D:2      | Found an opulent altar of Gozag.
  1449 | D:2      | Found a basalt altar of Yredelemnul.
  1547 | D:2      | Reached skill level 6 in Conjurations
  1923 | D:3      | Found a snail-covered altar of Cheibriados.
  1951 | D:3      | Reached XP level 4. HP: 24/24 MP: 7/10
  2549 | D:3      | Learned a level 4 spell: Fulminant Prism
  2629 | D:3      | Found a bloodstained altar of Trog.
  2811 | D:3      | Reached skill level 1 in Hexes
  2854 | D:4      | Noticed an ogre
  2861 | D:4      | Killed an ogre
  2861 | D:4      | Reached XP level 5. HP: 28/28 MP: 0/11
  3079 | D:4      | Found a staircase to the Ecumenical Temple.
  3088 | Temple   | Entered the Ecumenical Temple
  3243 | Temple   | Became a worshipper of Vehumet
  3300 | D:4      | Noticed Menkaure
  3307 | D:4      | Killed Menkaure
  3307 | D:4      | Reached skill level 5 in Hexes
  3307 | D:4      | Reached XP level 6. HP: 32/32 MP: 4/12
  4156 | D:5      | Entered Level 5 of the Dungeon
  4161 | D:4      | HP: 1/32 [gnoll/spear (10)]
  4394 | D:5      | Noticed an ice beast
  4401 | D:5      | Killed an ice beast
  4401 | D:5      | Reached skill level 7 in Conjurations
  4401 | D:5      | Reached XP level 7. HP: 2/36 MP: 4/14
  4787 | D:5      | Found a white marble altar of Elyvilon.
  5078 | D:5      | Found a sparkling altar of Nemelex Xobeh.
  5149 | D:5      | Found a sacrificial altar of Ru.
  5525 | D:5      | Reached * piety under Vehumet
  5525 | D:5      | Offered knowledge of Sandblast by Vehumet.
  5711 | D:5      | Reached skill level 5 in Spellcasting
  5960 | D:6      | Noticed Monsterracer's ghost (novice DDFi)
  6070 | D:6      | Found a shimmering altar of Xom.
  6071 | D:6      | Found a shimmering altar of Xom.
  6072 | D:6      | Found a shimmering altar of Xom.
  6119 | D:6      | Reached skill level 8 in Conjurations
  6527 | D:6      | Reached XP level 8. HP: 34/41 MP: 13/18
  6629 | D:6      | Found a shimmering altar of Xom.
  6630 | D:6      | Found a shimmering altar of Xom.
  6631 | D:6      | Found a shimmering altar of Xom.
  6834 | D:6      | Noticed Pikel
  6841 | D:6      | Killed Pikel
  6841 | D:6      | Reached skill level 9 in Conjurations
  7136 | D:7      | Noticed Bazinga's ghost (novice MiBe)
  7275 | D:6      | Killed Monsterracer's ghost
  7333 | D:6      | Learned a level 4 spell: Iskenderun's Mystic Blast
  7459 | D:7      | Reached ** piety under Vehumet
  7459 | D:7      | Offered knowledge of Shock by Vehumet.
  7571 | D:7      | Found a blossoming altar of Fedhas.
  8081 | D:7      | Reached skill level 10 in Conjurations
  8116 | D:8      | Reached XP level 9. HP: 45/45 MP: 9/23
  8360 | D:8      | Killed by an exploding fulminant prism

Skill      XL: |  1  2  3  4  5  6  7  8 |
---------------+-------------------------+-----
Conjurations   | 5 6 7 8 10 | 10.4
Hexes          | 4 5 7 |  7.2
Spellcasting   | 5 8 |  8.4
Dodging        | |  2.4
Stealth        | |  2.4

Action                   |  1- 3 |  4- 6 |  7- 9 || total
-------------------------+-------+-------+-------++-------
Melee: Unarmed           |     3 |       |       ||     3
       Mace              |     4 |    19 |       ||    23
       Staff             |       |       |    25 ||    25
 Cast: Magic Dart        |    80 |    82 |   200 ||   362
       Fulminant Prism   |       |     6 |    30 ||    36
       Iskenderun's Myst |       |       |    11 ||    11
  Use: Scroll            |     3 |     1 |     9 ||    13
       Potion            |       |     4 |     3 ||     7
 Stab: Sleeping          |     1 |       |       ||     1
  Eat: Chunk             |     3 |     3 |     8 ||    14
       Meat ration       |       |     1 |     1 ||     2
       Bread ration      |       |       |     1 ||     1
Armor: Robe              |       |     3 |    17 ||    20
Dodge: Dodged            |    10 |    26 |    71 ||   107
